Map: Inside and Out

Players

Amplive - Winner!

  • Race: Zerg Zerg
  • League: Diamond
  • Spawn Location: 1:00

Maplez

  • Race: Terran Terran
  • League: Grandmaster
  • Spawn Location: 7:00

VOD

Have the link to the VOD?

Description

Time

  • Played on: Aug. 29, 2022, noon
  • Length: 10:01
Show
View Real Time Build Order
Export as new Build Order

Amplive Zerg - Winner!

Build Orders: Hatch First 

Get SALT Encoding   

  12  0:00  Drone  
  13  0:12  Overlord  
  13  0:17  Drone  
  14  0:30  Drone x2  
  14  0:35  Drone  
  17  0:54  Hatchery  
  17  0:56  Drone  
  17  0:59  Drone  
  18  1:10  Extractor  
  17  1:16  Spawning Pool  
  16  1:19  Drone  
  16  1:22  Drone  
  18  1:28  Drone  
  19  1:38  Drone  
  20  1:49  Drone  
  21  2:00  Drone  
  22  2:05  Queen x2  
  22  2:08  Overlord  
  26  2:10  Zergling x2  
  26  2:14  Metabolic Boost  
  27  2:18  Zergling x2  
  28  2:27  Zergling x4  
  30  2:32  Overlord  
  30  2:37  Baneling Nest  
  30  2:38  Zergling x2  
  30  2:44  Zergling x2  
  30  2:49  Zergling x2  
  32  2:54  Zergling x2  
  33  3:00  Zergling x2  
  33  3:04  Zergling x2  
  35  3:10  Zergling x2  
  36  3:13  Zergling x4  
  36  3:15  Zergling x4  
  36  3:17  Zergling x4  
  36  3:18  Zergling x2  
  42  3:30  Baneling x2  
  42  3:31  Baneling x2  
  41  3:40  Baneling  
  29  3:57  Zergling x8  
  29  4:00  Zergling x4  
  30  4:30  Drone x2  
  30  4:31  Drone  
  33  4:35  Drone x2  
  35  4:45  Drone  
  36  4:46  Overlord  
  36  4:52  Overlord  
  36  5:06  Zergling x6  
  37  5:13  Zergling x6  
  32  5:26  Drone  
  32  5:27  Drone x3  
  31  5:41  Zergling x4  
  33  5:47  Drone  
  34  5:51  Drone  
  35  5:58  Drone x2  
  35  6:03  Drone  
  38  6:08  Drone  
  39  6:13  Drone  
  40  6:19  Baneling x3  
  40  6:23  Drone  
  41  6:27  Baneling  
  41  6:29  Drone  
  41  6:30  Drone  
  43  6:38  Zergling x4  
  42  6:48  Drone x2  
  42  6:49  Baneling x2  
  42  6:50  Zergling x2  
  42  7:11  Drone x7  
  42  7:12  Drone  
  47  7:26  Zergling x8  
  51  7:35  Overlord  
  46  7:53  Zergling x10  
  46  7:55  Baneling x2  
  38  8:16  Drone x5  
  42  8:23  Zergling x2  
  42  8:24  Zergling x4  
  45  8:27  Drone x4  
  45  8:28  Drone  
  52  8:36  Zergling x2  
  52  8:41  Lair  
  51  8:43  Zergling x2  
  51  8:44  Evolution Chamber  
  51  8:46  Overlord  
  49  8:50  Baneling x7  
  49  8:51  Overlord  
  49  8:52  Zergling x2  
  40  9:17  Drone x2  
  41  9:18  Drone, Zergling x2  
  41  9:19  Zergling x6  
  46  9:24  Zergling x4  
  46  9:25  Zergling x2  
  46  9:28  Drone  
  50  9:35  Drone, Zergling x2  
  50  9:36  Zergling x2  
  50  9:37  Zergling x2  
Show
View Real Time Build Order
Export as new Build Order

Maplez Terran 

Build Orders:  

Get SALT Encoding   

  12  0:00  SCV  
  13  0:12  SCV  
  14  0:17  Supply Depot  
  14  0:24  SCV  
  15  0:38  SCV  
  16  0:50  SCV  
  16  0:55  Barracks  
  17  0:57  Barracks  
  17  1:08  Barracks  
  17  1:11  SCV  
  19  1:25  SCV  
  19  1:33  Supply Depot  
  19  1:37  SCV  
  20  1:43  Marine x2  
  22  1:50  Orbital Command  
  22  2:02  Marine x3, Supply Depot  
  25  2:16  SCV  
  25  2:20  Marine x3  
  29  2:28  SCV  
  30  2:38  Marine x2  
  30  2:42  SCV  
  33  2:48  Refinery  
  33  2:50  Marine, Supply Depot  
  34  2:54  SCV  
  34  2:55  Marine  
  34  2:56  Marine  
  37  3:06  SCV  
  37  3:08  Marine  
  39  3:13  Marine x2  
  39  3:18  SCV  
  42  3:25  Marine  
  43  3:30  SCV  
  43  3:31  Marine x2  
  46  3:43  Marine, SCV  
  46  3:49  Marine  
  46  3:55  Marine  
  46  4:01  Marine  
  39  4:07  Marine  
  36  4:12  Marine  
  32  4:18  Command Center  
  32  4:19  Marine  
  32  4:23  SCV  
  34  4:25  Factory, Refinery  
  34  4:27  Marine  
  35  4:34  Barracks  
  35  4:35  SCV  
  36  4:47  SCV  
  37  4:58  Barracks Reactor, Barracks Tech Lab x2  
  37  4:59  SCV  
  38  5:00  Barracks Reactor  
  38  5:11  SCV  
  37  5:23  SCV  
  34  5:29  Factory Reactor  
  34  5:30  Orbital Command  
  34  5:32  Barracks  
  34  5:33  Barracks  
  34  5:35  SCV  
  32  5:47  SCV  
  33  5:50  Barracks  
  33  5:54  Barracks Reactor  
  33  5:59  SCV x2  
  33  6:03  Barracks Reactor x2  
  35  6:09  Widow Mine  
  35  6:11  Barracks Reactor, SCV  
  38  6:22  Marine x2  
  40  6:26  SCV  
  40  6:29  Widow Mine  
  40  6:30  Widow Mine  
  44  6:50  Marine x3  
  44  6:51  Marine x5  
  48  7:08  Marine x5  
  48  7:09  Marine x2  
  38  7:19  Marine  
  38  7:26  Marine x4  
  40  7:34  Orbital Command, Marine  
  40  7:35  Marine  
  38  7:39  Marine x2  
  38  7:43  Marine  
  31  7:49  Marine  
  18  7:53  Marine x2  
  18  7:54  Marine x2  
  18  7:56  Marine  
  23  8:02  Marine x2  
  23  8:05  Orbital Command  
  23  8:07  Marine  
  23  8:11  Marine  
  23  8:17  Barracks Tech Lab  
  17  8:26  Marine  
  16  8:34  Marine  
  17  8:42  Marine  
  17  8:43  Marine  
  17  8:44  Marine  
  20  9:04  Marine x2  
  20  9:14  Marine x2  
  20  9:16  SCV x2  
  10  9:22  Marine  
  11  9:38  Supply Depot  
  11  9:40  Marine  
  12  9:56  Barracks Reactor  
Tags
 
Add a new tag
Caveats
  • Supply blocks, unpowered buildings, or Contaminate may cause inaccurate times.
  • Supply counts are checked every 10 seconds.